 Dungeon Crawl Stone Soup version 0.18.1-48-g4cf74bf (webtiles) character file.

116 Alarkh the Poker (level 4, -3/33 HPs)
             Began as a Mummy Skald on July 30, 2016.
             Slain by a hippogriff (5 damage)
             ... on level 4 of the Dungeon.
             The game lasted 00:03:16 (2958 turns).

Alarkh the Poker (Mummy Skald)                      Turns: 2958, Time: 00:03:18

Health: -3/33      AC:  4    Str: 15    XL:     4   Next: 70%
Magic:  2/7        EV: 11    Int: 12    God:
Gold:   80         SH:  0    Dex: 11    Spells: 3 memorised, 1 level left

rFire  x . .     SeeInvis .     a - +0 spear
rCold  + . .     Gourm    .     b - +1 leather armour
rNeg   + + +     Faith    .     (no shield)
rPois  ∞         Spirit   .     (no helmet)
rElec  .         Dismiss  .     (no cloak)
rCorr  .         Reflect  .     (no gloves)
SustAt .         Harm     .     (no boots)
MR     .....                    (no amulet)
Stlth  +.........               (no ring)
                                (no ring)

@: infused (expiring), not resistant to hostile enchantments, very unstealthy
A: no food or potions, fire vulnerability, cold resistance 1, negative energy
resistance 3, torment resistance, unbreathing
a: no special abilities


You were on level 4 of the Dungeon.
You were not hungry.

You visited 1 branch of the dungeon, and saw 4 of its levels.

You collected 80 gold pieces.

Inventory:

Hand Weapons
 a - a +0 spear (weapon)
Armour
 b - a +1 leather armour (worn)
Scrolls
 d - 2 scrolls of enchant armour
 e - a scroll of blinking
 f - 3 scrolls of noise
 g - a scroll of identify
 h - a scroll of magic mapping {unknown}
 i - 3 scrolls of immolation {unknown}
Books
 c - a book of Battle

   Spells                             Type                      Level
   a - Infusion                       Charms                       1
   b - Shroud of Golubria             Charms/Translocation         2
   c - Song of Slaying                Charms                       2
   d - Spectral Weapon                Hexes/Charms                 3
   e - Regeneration                   Charms/Necromancy            3


   Skills:
 - Level 2.0 Fighting
 + Level 4.1 Polearms
 - Level 0.7 Armour
 - Level 0.7 Dodging
 - Level 2.0 Spellcasting
 - Level 2.4 Charms


You had one spell level left.
You knew the following spells:

 Your Spells              Type           Power        Failure   Level  Hunger
a - Infusion              Chrm           #...         14%         1    N/A
b - Shroud of Golubria    Chrm/Tloc      #.........   34%         2    N/A
c - Spectral Weapon       Hex/Chrm       #.......     69%         3    N/A

Dungeon Overview and Level Annotations

Branches:
Dungeon (4/15)
 Temple: D:4-7

Altars:
Ashenzari
Kikubaaqudgha
Makhleb
Nemelex Xobeh
Okawaru

Annotations:
D:3 WarriorsX's ghost, amateur HuFi


Innate Abilities, Weirdness & Mutations

You do not eat or drink.
Your flesh is vulnerable to fire.
You are immune to poison.
Your flesh is cold resistant.
You are immune to negative energy.
You are immune to unholy pain and torment.
You can survive without breathing.


Message History

The hippogriff is moderately wounded.
The hippogriff closely misses you.
The hippogriff pecks you but does no damage.
The hippogriff barely misses you.
You closely miss the hippogriff.
The hippogriff is moderately wounded.
Your magical infusion is running out.
The hippogriff bites you but does no damage.
The hippogriff closely misses you. The hippogriff claws you.
You barely miss the hippogriff.
The hippogriff is moderately wounded.
The hippogriff closely misses you. x2; The hippogriff claws you!
* * * LOW HITPOINT WARNING * * *
You barely miss the hippogriff.
The hippogriff is moderately wounded.
The hippogriff bites you but does no damage.
The hippogriff pecks you.
* * * LOW HITPOINT WARNING * * *
The hippogriff claws you.
You die...

##### ##..###
...#.....## ......###
........>##
..#.....####.........#
.##...........<......#
######...............#
#...............#
#..........H....#
#..........@....#
##.............##
#.<..........##
#.#####.###### #.# #.#
#######.### #.#
#.........# #.#
#####.....###.#
#####.........#######


You could see a hippogriff.

Vanquished Creatures
  A worker ant (D:4)
  4 adders
  A worm (D:2)
  A dart slug (D:2)
  A giant gecko (D:3)
  2 orcs
  3 giant cockroaches
  3 goblins
  10 hobgoblins
  2 jackals (D:3)
  3 quokkas
  2 ball pythons (D:1)
  7 bats
  6 giant newts
  2 kobolds
  A rat (D:1)
49 creatures vanquished.

Notes
Turn   | Place    | Note
--------------------------------------------------------------
     0 | D:1      | Alarkh the Mummy Skald began the quest for the Orb.
     0 | D:1      | Reached XP level 1. HP: 16/16 MP: 3/3
    62 | D:1      | Reached skill level 2 in Polearms
   332 | D:1      | Reached XP level 2. HP: 22/22 MP: 0/5
   765 | D:2      | Reached XP level 3. HP: 19/27 MP: 0/6
   797 | D:2      | Reached skill level 3 in Polearms
  1211 | D:2      | Found an ancient bone altar of Kikubaaqudgha.
  1272 | D:2      | Found a burning altar of Makhleb.
  1358 | D:3      | Reached XP level 4. HP: 32/33 MP: 2/7
  1793 | D:3      | Noticed WarriorsX's ghost (amateur HuFi)
  2079 | D:2      | Learned a level 2 spell: Shroud of Golubria
  2083 | D:2      | Learned a level 3 spell: Spectral Weapon
  2683 | D:4      | Reached skill level 4 in Polearms
  2685 | D:4      | Found an iron altar of Okawaru.
  2753 | D:4      | Found a shattered altar of Ashenzari.
  2886 | D:4      | Found a sparkling altar of Nemelex Xobeh.
  2946 | D:4      | Noticed a hippogriff
  2958 | D:4      | Slain by a hippogriff

Skill      XL: |  1  2  3  4 |
---------------+-------------+-----
Polearms       | 2 3 4 |  4.1
Fighting       | |  2.0
Armour         | |  0.7
Dodging        | |  0.7
Spellcasting   | |  2.0
Charms         | |  2.4

Action                   |  1- 3 |  4- 6 || total
-------------------------+-------+-------++-------
Melee: Spear             |   136 |    79 ||   215
 Cast: Infusion          |    23 |    13 ||    36
       Shroud of Golubri |       |     2 ||     2
  Use: Scroll            |     3 |       ||     3
Armor: Leather armour    |    37 |    13 ||    50
Dodge: Dodged            |    74 |    44 ||   118
